Map: Ever Dream LE

Players

Geralt (Gerald)

  • Race: Protoss Protoss
  • League: Grandmaster
  • Spawn Location: 1:00

TLHarstem (Harstem) - Winner!

  • Race: Protoss Protoss
  • League: Master
  • Spawn Location: 7:00

Event: DreamHack SC2 Masters 2020 Summer Europe

VOD

Have the link to the VOD?

Description

Time

  • Played on: July 5, 2020, 11:32 a.m.
  • Length: 27:22

All games in this series

Show
View Real Time Build Order
Export as new Build Order

Geralt Protoss 

Build Orders: Blink Stalkers 

Get SALT Encoding   

  12  0:00  Probe  
  13  0:12  Probe  
  14  0:17  Pylon  
  14  0:22  Probe  
  15  0:31  Probe  
  16  0:37  Gateway  
  16  0:40  Probe  
  16  0:45  Assimilator  
  17  0:52  Probe  
  17  0:54  Assimilator  
  18  1:00  Probe  
  18  1:06  Gateway  
  18  1:08  Probe  
  20  1:18  Probe  
  20  1:24  Cybernetics Core  
  21  1:30  Probe  
  21  1:32  Pylon  
  22  1:43  Probe  
  23  1:56  Warp Gate  
  23  1:58  Probe  
  24  2:04  Stalker  
  24  2:05  Stalker  
  24  2:07  Pylon  
  28  2:10  Probe  
  29  2:22  Probe  
  30  2:34  Probe  
  30  2:41  Nexus  
  30  2:45  Sentry  
  30  2:46  Sentry  
  34  2:51  Probe  
  34  2:54  Pylon  
  35  3:03  Probe  
  36  3:06  Twilight Council  
  36  3:14  Probe  
  36  3:18  Shield Battery  
  37  3:22  Probe  
  38  3:30  Forge, Probe  
  39  3:42  Probe  
  39  3:48  Adept x2  
  44  3:49  Probe  
  44  3:53  Protoss Ground Weapons Level 1  
  44  3:54  Probe  
  46  3:56  Blink  
  46  3:57  Probe  
  47  4:06  Probe  
  47  4:07  Probe  
  49  4:18  Probe  
  49  4:19  Probe  
  49  4:20  Gateway  
  51  4:24  Gateway  
  51  4:31  Probe  
  52  4:33  Probe  
  52  4:35  Assimilator  
  53  4:40  Robotics Facility  
  53  4:43  Probe  
  53  4:45  Probe  
  53  4:47  Stalker  
  55  4:56  Pylon  
  53  5:00  Stalker  
  55  5:07  Gateway  
  55  5:11  Gateway  
  55  5:16  Stalker x2  
  55  5:19  Pylon  
  59  5:28  Nexus  
  59  5:31  Observer  
  60  5:37  Stalker x2  
  60  5:42  Pylon  
  64  5:45  Protoss Ground Weapons Level 2  
  64  5:46  Probe  
  64  5:49  Probe  
  66  5:54  Stalker  
  66  5:55  Stalker  
  70  6:01  Probe  
  70  6:02  Pylon  
  71  6:08  Probe  
  72  6:13  Probe  
  73  6:20  Probe  
  73  6:25  Probe, Observer, Pylon  
  75  6:28  Assimilator  
  75  6:30  Stalker x2, Probe  
  81  6:34  Probe  
  81  6:38  Probe  
  82  6:42  Probe  
  82  6:46  Probe  
  84  6:47  Probe  
  84  6:51  Shield Battery  
  84  6:52  Probe  
  86  6:54  Photon Cannon  
  86  6:58  Robotics Bay  
  86  6:59  Probe x2  
  89  7:04  Probe  
  89  7:06  Photon Cannon  
  90  7:08  Photon Cannon  
  90  7:11  Probe x2  
  90  7:13  Stalker x2  
  96  7:16  Probe  
  96  7:17  Dark Shrine  
  97  7:25  Assimilator  
  97  7:26  Stalker x2, Assimilator  
  103  7:34  Charge, Robotics Facility  
  101  7:40  Photon Cannon  
  101  7:46  Stalker x4  
  101  7:49  Pylon  
  101  7:50  Pylon  
  109  7:54  Observer  
  108  8:03  Nexus  
  109  8:07  Pylon x2  
  109  8:10  Stalker  
  111  8:14  Disruptor  
  114  8:21  Disruptor  
  117  8:28  Probe  
  118  8:36  Photon Cannon  
  118  8:37  Shield Battery  
  118  8:39  Assimilator  
  117  8:47  Stalker x2, Zealot x2  
  117  8:48  Stalker  
  125  8:49  Disruptor  
  125  8:53  Disruptor  
  125  9:11  Stalker x4  
  125  9:16  Disruptor  
  127  9:19  Disruptor, Probe  
  128  9:28  Pylon  
  128  9:30  Observer, Pylon  
  134  9:32  Nexus  
  134  9:33  Pylon  
  134  9:35  Assimilator  
  134  9:42  Probe  
  134  9:46  Stalker x6  
  134  9:49  Pylon  
  134  9:51  Disruptor  
  148  10:12  Dark Templar  
  148  10:13  Dark Templar x3  
  156  10:21  Probe  
  156  10:24  Observer  
  156  10:26  Disruptor  
  160  10:31  Nexus  
  160  10:35  Photon Cannon, Dark Templar x2  
  164  10:37  Probe  
  164  10:42  Observer  
  164  10:47  Photon Cannon  
  164  10:49  Photon Cannon  
  158  10:51  Shield Battery  
  158  10:52  Shield Battery  
  154  11:01  Disruptor  
  154  11:02  Disruptor  
  148  11:11  Stalker x4  
  150  11:20  Probe  
  150  11:24  Gateway  
  151  11:27  Gateway, Disruptor  
  151  11:28  Assimilator  
  151  11:30  Gateway, Zealot x2  
  151  11:31  Gateway, Protoss Ground Weapons Level 3  
  151  11:32  Assimilator, Archon, Probe x2  
  155  11:33  Probe  
  155  11:35  Pylon  
  155  11:38  Disruptor  
  162  11:43  Pylon  
  162  11:44  Probe x2  
  162  11:45  Probe x2  
  166  11:56  Probe x2  
  166  11:57  Probe x2  
  166  11:58  Zealot x4  
  166  11:59  Zealot x2  
  182  12:02  Disruptor  
  182  12:14  Disruptor  
  188  12:19  Dark Templar x2  
  186  12:28  Probe  
  172  12:30  Probe  
  172  12:31  Probe  
  172  12:32  Dark Templar  
  172  12:35  Observer  
  175  12:41  Probe x2  
  175  12:42  Probe  
  171  12:48  Zealot x6  
  171  12:49  Zealot  
  138  13:04  Disruptor  
  113  13:06  Stalker x3  
  113  13:12  Disruptor, Probe  
  114  13:14  Probe x2  
  114  13:16  Photon Cannon  
  114  13:17  Probe  
  114  13:19  Photon Cannon  
  118  13:20  Photon Cannon, Probe  
  118  13:26  Probe x3  
  121  13:28  Probe  
  123  13:34  Probe  
  123  13:38  Disruptor, Probe x2  
  123  13:40  Probe  
  130  13:43  Probe  
  130  13:48  Disruptor  
  134  13:50  Probe x2  
  136  14:01  Stalker x3  
  142  14:11  Probe  
  142  14:13  Pylon  
  142  14:14  Disruptor, Pylon  
  146  14:23  Disruptor  
  149  14:34  Gateway  
  149  14:35  Gateway  
  149  14:38  Pylon, Probe x2  
  150  14:40  Pylon  
  148  14:50  Disruptor  
  152  15:00  Observer  
  152  15:06  Nexus  
  152  15:10  Zealot x3  
  158  15:20  Disruptor  
  153  15:25  Disruptor  
  150  15:29  Stalker x6  
  162  15:39  Pylon  
  162  15:41  Unknown  
  162  15:46  Observer  
  160  16:02  Dark Templar, Observer  
  160  16:03  Dark Templar x2, Zealot x3  
  160  16:04  Zealot x3  
  176  16:10  Stargate  
  163  16:34  Observer x2  
  165  16:42  Zealot x7  
  165  16:44  Photon Cannon  
  179  16:48  Photon Cannon  
  179  16:53  Shield Battery  
  179  16:56  Observer  
  179  16:57  Observer  
  179  17:20  Observer  
  179  17:22  Observer, Zealot x10  
  198  17:48  Zealot x9  
  188  18:11  Fleet Beacon  
  178  18:29  Disruptor  
  181  18:36  Dark Templar x5  
  181  18:37  Dark Templar x2  
  195  18:41  Disruptor  
  195  18:42  Dark Templar  
  200  18:50  Protoss Shields Level 1  
  200  18:55  Observer  
  192  19:09  Shadow Stride, Mothership  
  200  19:31  Observer  
  196  19:41  Observer  
  191  19:53  Disruptor  
  186  20:03  Disruptor  
  157  20:19  Stalker x2  
  157  20:20  Stalker x9  
  145  20:29  Disruptor  
  145  20:31  Gravitic Boosters  
  145  20:32  Disruptor  
  144  20:37  Pylon  
  144  20:39  Observer  
  147  20:53  Nexus  
  147  20:54  Dark Templar x12  
  171  21:04  Photon Cannon, Disruptor  
  171  21:06  Photon Cannon, Shield Battery  
  171  21:07  Disruptor, Shield Battery  
  171  21:09  Photon Cannon  
  171  21:16  Nexus  
  162  21:34  Nexus  
  162  21:35  Pylon  
  162  21:40  Disruptor  
  159  21:48  Disruptor  
  160  22:06  Nexus  
  160  22:07  Probe  
  160  22:08  Photon Cannon  
  161  22:09  Disruptor, Shield Battery  
  161  22:12  Photon Cannon  
  153  22:18  Photon Cannon  
  153  22:22  Assimilator  
  156  22:24  Observer, Stargate  
  156  22:25  Stargate  
  156  22:26  Assimilator  
  156  22:29  Stargate  
  143  22:33  Disruptor  
  138  22:38  Zealot x5  
  138  22:39  Zealot x6  
  142  22:45  Disruptor  
  130  22:54  Tempest  
  135  23:07  Disruptor  
  132  23:21  Stalker  
  132  23:22  Stalker x9  
  146  23:28  Stalker x2  
  137  24:00  Photon Cannon  
  137  24:12  Nexus  
  137  24:15  Dark Templar x2  
  137  24:16  Dark Templar x3  
  140  24:43  Photon Cannon  
  140  24:45  Zealot x5  
  141  24:55  Zealot x2  
  145  25:11  Zealot x5  
  153  25:21  Zealot x2  
  121  25:42  Probe  
  121  25:44  Nexus  
  121  25:56  Zealot x3  
  127  26:06  Disruptor  
  127  26:07  Probe  
  129  26:19  Zealot  
  95  27:06  Stalker x2  
  70  27:18  Zealot x2  
Show
View Real Time Build Order
Export as new Build Order

TLHarstem Protoss - Winner!

Build Orders:  

Get SALT Encoding   

  12  0:00  Probe  
  13  0:13  Probe  
  14  0:17  Pylon  
  14  0:25  Probe  
  15  0:33  Probe  
  15  0:35  Gateway  
  15  0:41  Probe  
  16  0:47  Assimilator  
  17  0:51  Probe  
  17  0:55  Assimilator  
  18  0:59  Probe  
  19  1:07  Probe  
  19  1:08  Gateway  
  19  1:17  Probe  
  20  1:22  Cybernetics Core  
  21  1:29  Probe  
  22  1:34  Pylon  
  22  1:41  Probe  
  23  1:54  Probe  
  24  1:59  Stalker x2  
  24  2:00  Warp Gate  
  28  2:05  Pylon  
  28  2:08  Probe  
  29  2:20  Probe  
  30  2:29  Sentry  
  34  2:41  Nexus  
  34  2:42  Probe  
  33  2:49  Pylon  
  33  2:52  Sentry  
  34  2:59  Probe  
  34  3:03  Stalker  
  37  3:09  Shield Battery  
  37  3:12  Probe  
  38  3:23  Probe  
  38  3:26  Twilight Council  
  39  3:31  Probe  
  39  3:39  Probe, Pylon  
  41  3:48  Probe  
  41  3:51  Probe  
  41  3:55  Forge  
  43  3:56  Probe  
  43  3:59  Stalker, Probe  
  43  4:01  Phoenix  
  46  4:05  Probe  
  48  4:11  Stalker, Probe  
  48  4:13  Blink  
  51  4:17  Probe  
  52  4:25  Probe  
  53  4:32  Protoss Ground Weapons Level 1  
  53  4:35  Probe  
  54  4:39  Probe  
  54  4:41  Phoenix  
  55  4:45  Stalker x2  
  55  4:47  Pylon, Probe  
  55  4:52  Assimilator  
  60  4:53  Probe  
  60  4:58  Robotics Facility  
  60  5:02  Gateway x2  
  60  5:05  Phoenix  
  62  5:16  Nexus  
  60  5:22  Pylon  
  60  5:24  Probe  
  60  5:25  Probe  
  62  5:32  Stalker x2  
  66  5:36  Pylon  
  66  5:47  Probe  
  67  5:50  Observer  
  67  5:51  Gateway  
  67  5:53  Probe  
  67  5:54  Gateway  
  67  5:55  Pylon  
  69  5:59  Probe  
  69  6:01  Stalker, Shield Battery  
  69  6:02  Sentry  
  74  6:11  Pylon  
  74  6:12  Stalker x2  
  74  6:13  Immortal  
  74  6:15  Phoenix  
  74  6:18  Probe  
  79  6:21  Probe  
  84  6:30  Stalker, Probe  
  87  6:33  Protoss Ground Weapons Level 2  
  87  6:35  Charge  
  87  6:36  Probe x2  
  89  6:40  Phoenix  
  89  6:42  Probe  
  90  6:48  Probe x2  
  93  6:54  Stalker, Zealot x2, Probe  
  93  7:00  Assimilator, Probe x2  
  101  7:03  Immortal  
  101  7:06  Assimilator, Probe  
  101  7:08  Photon Cannon  
  102  7:12  Probe x2  
  104  7:18  Probe  
  104  7:20  Assimilator  
  109  7:23  Zealot x2  
  113  7:31  Observer  
  113  7:34  Probe  
  113  7:35  Warp Prism  
  114  7:39  Templar Archives  
  114  7:43  Photon Cannon x2  
  117  7:46  Zealot  
  117  7:48  Probe, Pylon  
  117  7:50  Zealot  
  121  8:00  Gateway  
  121  8:02  Gateway  
  121  8:03  Robotics Bay  
  121  8:07  Probe  
  121  8:11  Pylon  
  121  8:17  High Templar x2, Zealot x3  
  131  8:26  Archon  
  131  8:30  Probe  
  132  8:35  Probe  
  132  8:39  Nexus  
  132  8:40  High Templar x2  
  132  8:41  High Templar x2  
  139  8:45  Archon x2  
  135  8:54  Probe  
  135  8:55  Disruptor  
  130  9:01  Zealot x4  
  137  9:08  Protoss Ground Weapons Level 3  
  137  9:13  Zealot x4  
  137  9:17  Pylon x2  
  139  9:23  Dark Shrine  
  139  9:25  Disruptor, Pylon  
  141  9:42  Zealot x4  
  150  9:45  Probe  
  150  9:49  Robotics Facility  
  150  9:52  Probe, Pylon  
  151  9:53  Gravitic Boosters  
  151  9:55  Observer  
  151  9:57  Probe  
  152  10:01  Stalker x4  
  161  10:07  Photon Cannon  
  161  10:08  Probe  
  161  10:12  Shield Battery  
  162  10:18  Disruptor  
  163  10:27  Zealot  
  165  10:28  Probe  
  165  10:30  Pylon, Probe  
  165  10:32  Photon Cannon, Pylon  
  164  10:36  Dark Templar x3  
  164  10:37  Zealot  
  170  10:43  Zealot x3  
  174  10:50  Disruptor  
  174  10:59  Disruptor  
  180  11:08  Zealot x6  
  154  11:15  Zealot  
  154  11:16  Zealot  
  158  11:21  Probe  
  158  11:23  Probe  
  158  11:26  Disruptor  
  158  11:27  Probe  
  158  11:29  Photon Cannon x2  
  158  11:30  Stalker x2  
  167  11:33  Photon Cannon  
  167  11:34  Photon Cannon  
  167  11:40  Dark Templar  
  167  11:41  Dark Templar x3  
  167  11:42  Dark Templar  
  176  11:52  Stalker  
  176  11:53  Disruptor  
  179  12:01  Disruptor  
  182  12:11  Stalker x2  
  182  12:13  Stalker x3  
  182  12:14  Stalker  
  192  12:33  Probe  
  192  12:35  Stalker x2  
  192  12:36  Stalker  
  185  12:48  Stalker x3  
  173  12:53  Zealot x2  
  158  13:00  Zealot x3  
  158  13:02  Disruptor  
  122  13:07  Disruptor  
  108  13:13  Stalker x5  
  108  13:16  Probe  
  115  13:22  Dark Templar x2  
  116  13:27  Assimilator, Zealot  
  116  13:29  Assimilator  
  116  13:33  Gateway, Immortal  
  118  13:34  Gateway  
  118  13:37  Gateway  
  118  13:39  Stalker x4  
  130  13:42  Stalker  
  132  13:48  Stalker  
  132  13:58  Stalker x2  
  132  14:03  Stalker x4  
  132  14:08  Stalker  
  132  14:09  Observer  
  137  14:11  Stalker  
  137  14:14  Probe  
  137  14:15  Probe  
  141  14:24  Stalker x2  
  143  14:29  Stalker x4  
  143  14:31  Stalker x3, Observer  
  157  14:38  Observer  
  157  14:40  Stalker x2  
  162  14:48  Stalker x2  
  150  14:53  Nexus  
  150  14:58  Stalker x4  
  158  15:09  Stalker x3  
  164  15:17  Stalker x2  
  168  15:23  Pylon  
  168  15:25  Protoss Shields Level 1  
  164  15:34  Dark Templar x2  
  166  15:43  Unknown  
  166  15:46  Dark Templar, Zealot x3  
  166  15:47  Photon Cannon  
  172  15:55  Pylon  
  172  15:56  Pylon  
  172  16:06  Stalker x3  
  172  16:07  Stalker  
  178  16:17  Observer x2  
  176  16:24  Photon Cannon  
  170  16:25  Shield Battery  
  170  16:32  Stalker x5  
  178  16:44  Probe  
  178  16:45  Probe  
  178  16:46  Stargate, Probe  
  181  16:50  Disruptor  
  182  16:55  Zealot  
  182  16:56  Zealot x3  
  186  17:16  Dark Templar x2  
  186  17:17  Zealot x5  
  200  17:33  Zealot x2  
  200  17:34  Zealot  
  197  17:37  Disruptor  
  184  17:56  Zealot x4  
  184  17:57  Zealot x5  
  192  18:08  Photon Cannon  
  192  18:12  Photon Cannon, Stalker  
  194  18:17  Fleet Beacon  
  184  18:25  Stargate  
  178  18:30  High Templar x4  
  178  18:31  High Templar  
  178  18:32  High Templar, Zealot x3  
  178  18:33  Zealot  
  196  18:36  Archon x2  
  196  18:37  Archon  
  196  18:38  Disruptor  
  179  18:53  Disruptor  
  178  18:57  Zealot  
  178  18:58  Zealot x4  
  178  19:02  Mothership  
  182  19:14  Stalker x3, Disruptor  
  196  19:28  Disruptor  
  197  19:32  Stalker  
  199  19:50  Observer  
  182  20:07  Stalker x6  
  182  20:08  Stalker  
  182  20:13  Zealot x2  
  182  20:14  Zealot  
  196  20:15  Observer  
  168  20:36  Observer  
  168  20:37  Stalker x8, Observer  
  168  20:38  Stalker  
  188  20:49  Dark Templar  
  190  20:50  Dark Templar  
  190  20:57  Nexus  
  190  20:58  Photon Cannon  
  190  21:00  Zealot  
  190  21:01  Photon Cannon, Disruptor  
  195  21:04  Shield Battery  
  193  21:26  Zealot x3  
  193  21:32  Pylon  
  195  21:33  Pylon  
  195  21:35  Disruptor  
  187  21:58  Zealot x6  
  197  22:03  Photon Cannon  
  177  22:16  Dark Templar x4  
  177  22:17  Zealot  
  187  22:29  Stalker x5  
  171  22:47  Stalker x2  
  171  22:50  Disruptor x2  
  176  22:53  Stalker x8  
  192  22:58  Photon Cannon  
  192  23:05  Assimilator, Shield Battery  
  192  23:07  Shield Battery  
  192  23:08  Assimilator  
  185  23:25  Nexus  
  185  23:26  Disruptor  
  188  23:30  Zealot x5  
  188  23:38  Zealot x2  
  188  23:39  Dark Templar x2, Zealot x2  
  185  23:46  Pylon  
  170  23:48  Observer  
  164  24:01  Disruptor  
  161  24:09  Stalker x3, Disruptor  
  162  24:10  Stalker x4  
  162  24:13  Zealot  
  168  24:26  Photon Cannon  
  166  24:34  Photon Cannon  
  166  24:36  Zealot x2  
  166  24:37  Dark Templar, Zealot x2  
  176  24:42  Shield Battery  
  176  24:44  Oracle  
  174  24:59  Dark Templar x2  
  179  25:00  Zealot x3  
  179  25:02  Zealot x3  
  188  25:07  Disruptor  
  172  25:31  Assimilator  
  172  25:35  Assimilator  
  166  25:36  Disruptor  
  164  25:43  Disruptor  
  164  25:44  Zealot x11  
  189  26:08  Shield Battery  
  189  26:12  Photon Cannon, Disruptor, Pylon  
  189  26:14  Zealot x2  
  196  26:19  Observer  
  196  26:23  Zealot  
  183  26:54  Stalker x5  
  183  26:55  Stalker x3  
  191  27:07  Stalker x3  
  183  27:21  Stalker x7  
Tags
 
Add a new tag
Caveats
  • Supply blocks, unpowered buildings, or Contaminate may cause inaccurate times.
  • Supply counts are checked every 10 seconds.